 Dungeon Crawl Stone Soup version 0.29.1 (webtiles) character file.

Game seed: 16555222327196226120

6 bwicke the Sneak (level 1, 0/15 HPs)
             Began as a Naga Enchanter on Sept 13, 2022.
             Slain by a jackal (2 damage)
             ... on level 1 of the Dungeon.
             The game lasted 00:01:35 (386 turns).

bwicke the Sneak (Naga Enchanter)                    Turns: 386, Time: 00:01:36

Health: 0/15       AC:  1    Str: 10    XL:     1   Next: 90%
Magic:  3/3        EV:  9    Int: 15    God:
Gold:   35         SH:  0    Dex: 11    Spells: 4/4 levels left

rFire   . . .      SeeInvis +   a - +1 dagger
rCold   . . .      Faith    .   (no shield)
rNeg    . . .      Spirit   .   b - +0 robe
rPois   +          Reflect  .   (no helmet)
rElec   .          Harm     .   (no cloak)
rCorr   .          Rampage  .   (no gloves)
Will    .....                   (no barding)
Stlth   +++.......              (no amulet)
HPRegen 0.05/turn               (no ring)
MPRegen 0.08/turn               (no ring)

@: short of breath, very slow
A: AC +0, large, see invisible, deformed body, poison resistance, slowness 2,
spit poison 1, naga tail 1
a: Spit Poison


You were on level 1 of the Dungeon.
You visited 1 branch of the dungeon, and saw 1 of its levels.

You collected 35 gold pieces.

Inventory:

Hand Weapons
 a - a +1 dagger (weapon)
Missiles
 f - 3 javelins
Armour
 b - a +0 robe (worn)
Scrolls
 d - a scroll of magic mapping {unknown}
 e - a scroll of teleportation {unknown}
Potions
 c - 2 potions of invisibility


   Skills:
 - Level 1.0 Short Blades
 - Level 1.5 Dodging
 + Level 5.2 Stealth
 - Level 2.0 Spellcasting
 - Level 3.0 Hexes


You had 4 spell levels left.
You didn't know any spells.
Your spell library contained the following spells:

 Spells                   Type           Power      Damage    Failure   Level
 Ensorcelled Hibernation  Hex/Ice        12%        N/A       19%         2
 Confusing Touch          Hex            10%        N/A       19%         3
 Tukima's Dance           Hex            10%        N/A       19%         3
 Dazzling Flash           Conj/Hex       12%        N/A       34%         3


Dungeon Overview and Level Annotations

Branches:
Dungeon (1/15)

Altars:


Innate Abilities, Weirdness & Mutations

Your serpentine skin is tough. (AC +0)
You have supernaturally acute eyesight. (SInv)
Armour fits poorly on your strangely shaped body.
Your system is resistant to poisons. (rPois)
You cover ground very slowly.
You can spit poison.
You have a snake-like lower body.


Message History

The jackal completely misses you. The jackal bites you.
You closely miss the jackal. The jackal bites you.
You barely miss the jackal. The jackal barely misses you.
You closely miss the jackal. The jackal completely misses you.
The jackal bites you.
You closely miss the jackal.
You have got your breath back.
The jackal bites you.
* * * LOW HITPOINT WARNING * * *
Aiming: Spit Poison (3% risk of failure)
Press: ? - help, Shift-Dir - straight line, f - endoplasm, p - jackal
Aim: an endoplasm (96% to hit)
The splash of poison hits the jackal.
The jackal is poisoned.
The jackal is almost dead.
The jackal barely misses you.
Unknown command.
Okay, then.
You aren't carrying any items that you can evoke.
Throw: 5 javelins
Press: ? - help, Shift-Dir - straight line, f/p - endoplasm
Aim: an endoplasm (84% to hit)
You throw a javelin.
The javelin pierces through the jackal but does no damage.
The jackal is almost dead.
The javelin barely misses the jackal.
The javelin barely misses the endoplasm.
You hear a bark!
The jackal bites you.
* * * LOW HITPOINT WARNING * * *
The jackal bites you but does no damage.
Throw: 4 javelins
Press: ? - help, Shift-Dir - straight line, f/p - endoplasm
Aim: an endoplasm (84% to hit)
You throw a javelin. The javelin pierces through the jackal.
You kill the jackal!
The javelin closely misses the jackal.
The javelin pierces through the endoplasm!
You kill the endoplasm!
The jackal bites you.
You die...

### #(. #.#
#.# #.# ## #.#
#.#♣♣♣ #h#
...... ####@#
♣..♣.
#....#########
# ♣..≈
#.###........#
#P♣.~≈ #
#.##.....#
#>..~8
#.##.#####
P♣.~~
#.##.....#
♣..~
#.####...#
♣..♣.
#.##...).#
......
#.##.###.#
#.#♣♣♣


You could see a jackal.

Vanquished Creatures
  2 bats (D:1)
  An endoplasm (D:1)
  2 jackals (D:1)
  2 kobolds (D:1)
7 creatures vanquished.

Notes
Turn   | Place    | Note
-------+----------+-------------------------------------------
     0 | D:1      | bwicke the Naga Enchanter began the quest for the Orb.
     0 | D:1      | Reached XP level 1. HP: 15/15 MP: 3/3
   128 | D:1      | Reached skill level 5 in Stealth
   386 | D:1      | Slain by a jackal

Illustrated notes

Levels and vault maps discovered:
D:1:      tarquinn_simple_flora_water_b, layout_loops_ring,
          basic_ecumenical_altar

Skill      XL: |  1 |
---------------+----+-----
Stealth        | 5 |  5.2
Short Blades   | |  1.0
Dodging        | |  1.5
Spellcasting   | |  2.0
Hexes          | |  3.0

Action                   || total
-------------------------++-------
Melee: Dagger            ||    19
Throw: Javelin           ||     2
 Abil: Spit Poison       ||     3
 Stab: Sleeping          ||     1
Armor: Robe              ||    10
Dodge: Dodged            ||     8
